 Dungeon Crawl Stone Soup version 0.32-a0-422-g28b100f618 (webtiles) character file.

Game seed: 3848941697572378830

4368 javelincjr the Fighter (level 10, -6/84 HPs)
             Began as a Demonspawn Monk on Feb 21, 2024.
             Was a Priest of Beogh.
             Mangled by a vault guard
             ... wielding a +0 broad axe
              (12 damage)
             ... in a bailey.
             The game lasted 00:39:50 (7275 turns).

javelincjr the Fighter (Demonspawn Monk)            Turns: 7275, Time: 00:39:51

Health: -6/84      AC: 13    Str: 15    XL:     10   Next: 13%
Magic:  15/15      EV:  9    Int: 15    God:    Beogh [***...]
Gold:   88         SH:  0    Dex: 17    Spells: 9/9 levels left

rFire   . . .        a - +7 whip "Worm" {speed, *Rage rC+ rN+ Will++ Int+3}
rCold   + . .        d - orb {light}
rNeg    + + .        q - +0 chain mail
rPois   +            (helmet restricted)
rElec   .            O - +0 cloak
rCorr   .            (no gloves)
SInv    .            S - +0 pair of boots
Will    +++..        F - amulet "Vatoipys" {rPois rN+ Will+ Regen+ Int+2} Stlth
                     J - ring of wizardry
HPRegen 1.14/turn    (no ring)
MPRegen 0.14/turn

%: random rage (20%), wizardry (x1)
@: on berserk cooldown, slowed, glowing, very slow
A: antennae 2, rugged brown scales 1, powered by pain 2
a: Renounce Religion, Smiting, Recall Apostles, Dismiss Wardok, warrior, Dismiss
Dorog, priest


You were in a bailey.
You worshipped Beogh.
Beogh was most pleased with you.
You visited 1 branch of the dungeon, and saw 8 of its levels.
You also visited: Bailey.

You collected 403 gold pieces.
You spent 315 gold pieces at shops.

Inventory:

Hand Weapons
 a - the +7 whip "Worm" (weapon) {speed, *Rage rC+ rN+ Will++ Int+3}
   (You found it on level 2 of the Dungeon)

   Int+3:     It affects your intelligence (+3).
   rC+:       It protects you from cold.
   rN+:       It protects you from negative energy.
   Will++:    It greatly increases your willpower.
   *Rage:     It berserks you when you make melee attacks (+20% chance).
 b - a +2 heavy sling
 m - a +0 spear
 o - a +2 dagger of venom
 D - a +5 battleaxe
 I - the +6 short sword "Keniffuvar" {distort, Str+3}
   (You found it on level 4 of the Dungeon)

   Str+3:     It affects your strength (+3).
 N - a +2 quarterstaff of chaos
 P - a +4 long sword of freezing
 R - the +3 hand axe of Extinguishment {freeze, *Noise ^Fragile rCorr Int+8}
   (You found it on level 6 of the Dungeon)

   Int+8:     It affects your intelligence (+8).
   *Noise:    It may make a loud noise when swung.
   rCorr:     It protects you from acid and corrosion.
   ^Fragile:  It will be destroyed if unequipped.
 T - a +4 scimitar of flaming
Missiles
 g - 5 javelins (quivered)
 t - 2 darts of dispersal
 w - 19 poisoned darts
 z - a curare-tipped dart
Armour
 d - an orb of light (worn)
 l - the +2 robe of Pantheism {rF- rC++}
   (You bought it in a shop on level 4 of the Dungeon)

   rF-:       It makes you vulnerable to fire.
   rC++:      It greatly protects you from cold.
 p - a +0 pair of boots
 q - a +0 chain mail (worn)
 A - an orb of wrath
 L - a +0 plate armour
 M - a +0 scale mail
 O - a +0 cloak (worn)
 Q - a +0 leather armour of cold resistance
 S - a +0 pair of boots (worn)
Jewellery
 n - a ring of fire
 x - a ring of fire
 B - an amulet of reflection
 F - the amulet "Vatoipys" (around neck) {rPois rN+ Will+ Regen+ Int+2}
   (You bought it in a shop on level 4 of the Dungeon)

   [amulet of regeneration]

   Int+2:     It affects your intelligence (+2).
   rPois:     It protects you from poison rN+: It protects you from negative
   energy.
   Will+:     It increases your willpower.
   Regen+:    It increases your rate of health regeneration.
 J - a ring of wizardry (left hand)
Wands
 H - a wand of paralysis (8)
Scrolls
 f - a scroll of immolation {unknown}
 i - 3 scrolls of teleportation
 k - a scroll of brand weapon {unknown}
 u - 3 scrolls of enchant weapon
 v - a scroll of vulnerability {unknown}
 y - 4 scrolls of poison {unknown}
 C - 5 scrolls of fog {unknown}
 G - 2 scrolls of fear
 K - 3 scrolls of enchant armour {unknown}
Potions
 e - a potion of attraction
 h - a potion of cancellation
 j - a potion of brilliance
 s - a potion of magic
 E - a potion of enlightenment


   Skills:
 * Level 8.5 Fighting
 + Level 4.9 Maces & Flails
 - Level 3.1 Polearms
 + Level 5.0 Armour
 + Level 5.8 Dodging
 + Level 5.2 Stealth
 + Level 6.7 Invocations


You had 9 spell levels left.
You didn't know any spells.
Your spell library contained the following spells:

 Spells                   Type           Power      Damage    Failure   Level
 Ensorcelled Hibernation  Hex/Ice        0%         N/A       86%         2
 Fugue of the Fallen      Necr           0%         N/A       98%         3
 Gell's Gravitas          Tloc           0%         N/A       98%         3
 Ozocubu's Armour         Ice            0%         N/A       98%         3
 Teleport Other           Tloc           0%         N/A       98%         3
 Tukima's Dance           Hex            0%         N/A       98%         3
 Anguish                  Hex/Necr       0%         N/A       100%        4
 Passage of Golubria      Tloc           0%         N/A       100%        4
 Metabolic Englaciation   Hex/Ice        0%         N/A       100%        5
 Yara's Violent Unravell  Hex/Alch       0%         3d3       100%        5
 Dispersal                Tloc           0%         N/A       100%        6
 Sculpt Simulacrum        Ice/Alch       0%         N/A       100%        6


Dungeon Overview and Level Annotations

Branches:
Dungeon (8/15)             Temple (0/1) D:7          Bailey (1/1)
   Lair: D:8-11

Altars:
Dithmenos
Makhleb
Uskayaw
Wu Jian
Xom
Yredelemnul
Beogh

Shops:
D:2 :   D:3 :   D:4 *:(?

Portals:
Abyss: D:5

Annotations:
D:5 2 transporters, HilariousDeathArtist's ghost, novice CoCK Bailey Prince Ribbit


Innate Abilities, Weirdness & Mutations

Your facial features look somewhat orcish.
You have a pair of antennae on your head.
You are partially covered in rugged brown scales. (AC +1, +3% HP)
You sometimes gain power by taking damage.


Message History

You whack the vault guard!
The vault guard is heavily wounded.
Prince Ribbit closely misses you.
The vault guard hits you with a +0 broad axe!
You hit the vault guard.
The vault guard is heavily wounded.
Prince Ribbit closely misses you.
You hit the vault guard.
The vault guard is severely wounded.
The vault guard hits you but does no damage.
Prince Ribbit hits you!
* * * LOW HITPOINT WARNING * * *
You hit the vault guard.
The vault guard is severely wounded.
Prince Ribbit hits you.
* * * LOW HITPOINT WARNING * * *
The vault guard closely misses you.
Read: 4 scrolls of fear
Press: ? - help, Q - select action, (/) - cycle Dir - look around, f - activate Look: a vault guard, wielding a +0 broad axe and wearing a +0 chain mail (severely wounded, haloed, chance to affect: 79%)
As you read the scroll of fear, it crumbles to dust.
You assume a fearsome visage.
Prince Ribbit easily resists.
The vault guard resists with almost no effort.
Prince Ribbit hits you.
* * * LOW HITPOINT WARNING * * *
The vault guard hits you with a +0 broad axe.
* * * LOW HITPOINT WARNING * * *
Prince Ribbit hits you!
* * * LOW HITPOINT WARNING * * *
Read: 3 scrolls of fear
Press: ? - help, Q - select action, (/) - cycle Dir - look around, f - activate Look: a vault guard, wielding a +0 broad axe and wearing a +0 chain mail (heavily wounded, haloed, chance to affect: 79%)
As you read the scroll of fear, it crumbles to dust.
You assume a fearsome visage.
Prince Ribbit looks frightened!
The vault guard resists with almost no effort.
Prince Ribbit blinks!
The vault guard hits you with a +0 broad axe!
You die...

##..###)###
+..#≈..~≈#
####≈).~≈#
##≈##≈.~≈####
#≈~≈≈~.~≈#[.~#
##≈~~~..~≈#)..~
#≈~~~~..~≈##..~##
#≈~~~~...~≈#~..~#
#≈~~~...@§≈##~..#
#≈~~~..~~p~≈###)#
#≈~~~......~≈≈≈.#
##≈~~~~........##
#≈~~.~F....~~~#
##≈~~##'##~~~##
##≈##...##~##
###.... ### #..∩.


You could see a vault guard and Prince Ribbit (fleeing).

Vanquished Creatures
  A vault guard (Bailey)
  An efreet (D:8)
  A human (Bailey)
  A steam dragon (D:6)
  A water moccasin (D:8)
  3 black bears
  A sky beast (D:5)
  An ogre (D:5)
  A centaur (D:8)
  A phantom (D:6)
  A kobold brigand (D:6)
  8 bullfrogs
  A scorpion (D:4)
  A gnoll sergeant (D:7)
  11 wights
  4 hounds
  Crazy Yiuf (D:5)
  5 orc priests
  2 iguanas (D:6)
  6 orc wizards
  9 gnolls
  8 adders
  2 shadow imps (D:5)
  2 white imps
  A dart slug (D:3)
  A ribbon worm (D:4)
  11 orcs
  3 ball pythons
  A bat (D:1)
  5 endoplasms
  5 giant cockroaches
  10 hobgoblins
  2 jackals (D:3)
  7 quokkas
  5 frilled lizards
  16 goblins
  8 kobolds
  4 rats
152 creatures vanquished.

Vanquished Creatures (collateral kills)
  6 wights
  A hound (D:6)
  An orc priest (D:6)
  An iguana (D:6)
  2 orc wizards
  3 gnolls (D:7)
  2 orcs
16 creatures vanquished.

Vanquished Creatures (others)
  2 orc apostles (D:8)
  11 orcs
13 creatures vanquished.

Grand Total: 181 creatures vanquished

Notes
Turn   | Place    | Note
-------+----------+-------------------------------------------
     0 | D:1      | javelincjr the Demonspawn Monk began the quest for the Orb.
     0 | D:1      | Reached XP level 1. HP: 18/18 MP: 1/1
   146 | D:1      | Gained mutation: You have a pair of small antennae on your
                  | head. [demonic ancestry]
   146 | D:1      | Reached XP level 2. HP: 24/24 MP: 2/2
   642 | D:1      | Gained mutation: You are partially covered in rugged brown
                  | scales. (AC +1, +3% HP) [demonic ancestry]
   642 | D:1      | Reached XP level 3. HP: 24/29 MP: 3/3
   974 | D:2      | Identified the +7 whip "Worm" {speed, *Rage rC+ rN+ Will++
                  | Int+3}
  1053 | D:2      | Found Nastrue's Book Emporium.
  1096 | D:2      | Found a faded altar of an unknown god.
  1397 | D:2      | Gained mutation: You sometimes gain a little power by
                  | taking damage. [demonic ancestry]
  1397 | D:2      | Reached XP level 4. HP: 38/38 MP: 4/4
  1481 | D:2      | Reached skill level 1 in Stealth
  1730 | D:3      | Reached skill level 1 in Armour
  1748 | D:3      | Reached skill level 4 in Fighting
  1820 | D:3      | Became a worshipper of Beogh the Shepherd
  1820 | D:3      | Reached * piety under Beogh
  1820 | D:3      | Reached ** piety under Beogh
  2077 | D:3      | Found Udghut's Vocational Training.
  2178 | D:3      | Reached skill level 1 in Maces & Flails
  2178 | D:3      | Reached XP level 5. HP: 43/43 MP: 5/5
  2419 | D:3      | Found a hide-covered altar of Uskayaw.
  2419 | D:3      | Found a shimmering altar of Xom.
  2704 | D:4      | Reached skill level 1 in Invocations
  2752 | D:4      | Found Omifitiy's Antique Weapon Shop.
  2805 | D:4      | Gained mutation: You sometimes gain power by taking damage.
                  | [demonic ancestry]
  2805 | D:4      | Reached XP level 6. HP: 50/50 MP: 7/7
  3081 | D:4      | Found Tum Fuas's Assorted Antiques.
  3089 | D:4      | Bought a faintly glowing garnet amulet for 135 gold pieces
  3089 | D:4      | Identified the amulet "Vatoipys" {rPois rN+ Will+ Regen+
                  | Int+2} (You bought it in a shop on level 4 of the Dungeon)
  3089 | D:4      | Bought a scroll labelled GIGREI ZEHY for 27 gold pieces
  3114 | D:4      | Found Berump's Book Shoppe.
  3186 | D:4      | Identified the +6 short sword "Keniffuvar" {distort, Str+3}
  3206 | D:4      | Found Otzyasu's Magic Scroll Emporium.
  3357 | D:5      | Entered Level 5 of the Dungeon
  3476 | D:5      | Found a basalt altar of Yredelemnul.
  3596 | D:5      | Found a transporter.
  3596 | D:5      | Noticed HilariousDeathArtist's ghost (novice CoCK)
  3611 | D:5      | Reached skill level 5 in Fighting
  3611 | D:5      | Reached XP level 7. HP: 47/57 MP: 8/8
  3651 | D:5      | Found a transporter.
  4056 | D:5      | Found an ornate altar of the Wu Jian Council.
  4128 | D:5      | Found a runed translucent door.
  4129 | D:5      | Noticed Crazy Yiuf
  4135 | D:5      | Killed Crazy Yiuf
  4195 | D:5      | Reached XP level 8. HP: 61/65 MP: 10/10
  4490 | D:5      | Found a one-way gate to the infinite horrors of the Abyss.
  4669 | D:6      | Found a runed translucent door.
  4743 | D:6      | Reached skill level 6 in Fighting
  4778 | D:6      | Reached *** piety under Beogh
  4795 | D:6      | Noticed Wardok
  4823 | D:6      | Anointed Wardok the warrior as your apostle
  5318 | D:6      | Found a roughly hewn altar of Beogh.
  5322 | D:6      | Identified the +3 hand axe of Extinguishment {freeze,
                  | *Noise ^Fragile rCorr Int+8}
  5604 | D:6      | Found a shadowy altar of Dithmenos.
  5984 | D:7      | Reached skill level 5 in Invocations
  6126 | D:4      | Bought a jewelled robe for 153 gold pieces
  6126 | D:4      | Identified the +2 robe of Pantheism {rF- rC++} (You bought
                  | it in a shop on level 4 of the Dungeon)
  6200 | D:7      | Found a staircase to the Ecumenical Temple.
  6210 | D:7      | Reached skill level 7 in Fighting
  6210 | D:7      | Reached XP level 9. HP: 74/74 MP: 12/12
  6246 | D:7      | Reached skill level 5 in Dodging
  6449 | D:7      | Identified the +12 war axe "Earthworm" {pain, rElec rN+}
  6449 | D:7      | Noticed Dorog
  6459 | D:7      | Anointed Dorog the priest as your apostle
  6868 | D:8      | Noticed an efreet
  6880 | D:8      | Killed an efreet
  6885 | D:8      | Noticed a manticore
  6885 | D:8      | Noticed a centaur warrior
  6891 | D:8      | Noticed a polar bear
  6899 | D:8      | Your ally Wardok died
  6910 | D:8      | Your ally Dorog died
  6922 | D:8      | Noticed a meliai
  6935 | D:8      | Reached skill level 8 in Fighting
  7041 | D:8      | Found a burning altar of Makhleb.
  7079 | D:8      | Found a flagged portal.
  7100 | Bailey   | Entered a bailey
  7178 | Bailey   | Reached **** piety under Beogh
  7179 | Bailey   | Reached skill level 5 in Stealth
  7242 | Bailey   | Noticed a vault guard
  7248 | Bailey   | Killed a vault guard
  7249 | Bailey   | Reached skill level 5 in Armour
  7249 | Bailey   | Gained mutation: You have a pair of antennae on your head.
                  | [demonic ancestry]
  7249 | Bailey   | Reached XP level 10. HP: 84/84 MP: 2/15
  7256 | Bailey   | Noticed Prince Ribbit
  7256 | Bailey   | Noticed a vault guard
  7275 | Bailey   | Mangled by a vault guard

Illustrated notes

Levels and vault maps discovered:
D:1:      lightli_arrival_lavapool, layout_basic
D:2:      layout_basic, chequers_ecumenical_altar_twisty, serial_shops, shop
D:3:      layout_basic, gammafunk_temple_overflow_wave, hangedman_decor_points,
          minmay_misc_feat_iff, nicolae_shop_vocational
D:4:      layout_loops_ring, serial_shops, nicolae_shop_tiny_waterfront, shop,
          shop, nicolae_shop_gibbet_a_chance
D:5:      layout_basic, mainiacjoe_overflow_six_doors_small,
          pdpol_wu_jian_five_deadly_venoms, gammafunk_ghost_abyssal_escape,
          grunt_ministairs_2, uniq_crazy_yiuf_cottage
D:6:      layout_layer_cave, mainiacjoe_overflow_alcove_4, nicolae_benzene_ring,
          lightli_church_of_beogh
D:7:      layout_rooms, minmay_temple_entry_arrows
D:8:      kennysheep_six_static_rooms, layout_rooms, demons_altar,
          enter_bailey_3, serial_shops, nicolae_shop_rolled_up,
          nicolae_doodle_vault
Bailey:   bailey_axe_froggy_fort_hellmonk, bailey

Skill      XL: |  1  2  3  4  5  6  7  8  9 |
---------------+----------------------------+-----
Polearms       | 3 |  3.1
Dodging        | 3 4 5 |  5.8
Stealth        | 1 2 3 4 5 |  5.2
Armour         | 1 2 3 5 |  5.0
Fighting       | 4 5 7 8 |  8.5
Maces & Flails | 1 2 3 4 |  4.9
Invocations    | 1 2 3 5 6 |  6.7

Action                     |  1- 3 |  4- 6 |  7- 9 | 10-12 || total
---------------------------+-------+-------+-------+-------++-------
  Melee: Spear             |    57 |       |       |       ||    57
         Whip              |    18 |    94 |   287 |    13 ||   412
   Fire: Sling             |       |     4 |       |       ||     4
  Throw: Javelin           |       |     4 |       |       ||     4
 Invoke: Convert to Beogh  |       |     1 |       |       ||     1
         Smiting           |       |       |     6 |     1 ||     7
         Recruit Apostle   |       |       |     2 |       ||     2
         Recall Apostles   |       |       |     2 |       ||     2
    Use: Scroll            |       |     9 |     7 |     2 ||    18
         Potion            |       |       |     4 |       ||     4
   Stab: Distracted        |       |       |     1 |       ||     1
 Armour: Robe              |    20 |    19 |       |       ||    39
         Leather armour    |       |    29 |     6 |       ||    35
         Scale mail        |       |       |    73 |       ||    73
         Chain mail        |       |       |   105 |    22 ||   127
  Dodge: Dodged            |    24 |    43 |   141 |     8 ||   216

Table legend: (Time is in decaauts)
 A = Elapsed time spent in this place.
 B = Non-inter-level travel time spent in this place.
 C = Inter-level travel time spent in this place.
 D = Time resting spent in this place.
 E = Time spent auto-exploring this place.
 F = Levels seen in this place.
 G = Mean time per level.
                   A        B        C        D        E       F      G
               +--------+--------+--------+--------+--------+-----+--------+
         Total |   7410 |   6975 |    435 |     78 |   5271 |   9 |  823.3 |
       Dungeon |   7234 |   6799 |    435 |     10 |   5271 |   8 |  904.2 |
        Bailey |    175 |    175 |      0 |     68 |      0 |   1 |  175.0 |
               +--------+--------+--------+--------+--------+-----+--------+

Top non-repeatable levels by time:
     D:6: 1423 daAuts
     D:5: 1242 daAuts
     D:3: 1030 daAuts
     D:1: 968 daAuts
     D:4: 816 daAuts
     D:2: 744 daAuts
     D:7: 717 daAuts
     D:8: 291 daAuts
  Bailey: 175 daAuts
